 Dungeon Crawl Stone Soup version 0.25.0-26-g0c896c7088 (webtiles) character file.

Game seed: 4972975195111160372

13125 MisterFreud the Grappler (level 12, 0/104 HPs)
             Began as a Ghoul Ice Elementalist on July 2, 2020.
             Was a High Priest of Makhleb.
             Slain by a six-headed hydra (8 damage)
             ... on level 1 of the Lair of Beasts.
             The game lasted 00:19:23 (12489 turns).

MisterFreud the Grappler (Ghoul Ice Elementalist)  Turns: 12489, Time: 00:19:23

Health: 0/104      AC: 13    Str: 13    XL:     12   Next: 2%
Magic:  13/13      EV:  5    Int: 14    God:    Makhleb [*****.]
Gold:   516        SH: 16    Dex:  9    Spells: 13/14 levels left

rFire    . . .     SeeInvis .     - Unarmed
rCold    + . .     Gourm    .   e - +0 kite shield
rNeg     + + +     Faith    .   v - +0 chain mail
rPois    ∞         Spirit   .   (no helmet)
rElec    .         Reflect  +   x - +1 cloak {MR+}
rCorr    +         Harm     .   I - +0 pair of gloves
MR       ++...                  K - +0 pair of boots
Stlth    ..........             M - amulet of reflection
HPRegen  0.00/turn              h - ring of protection from magic
MPRegen  0.13/turn              V - ring of resist corrosion

@: rotting
A: rotting body, claws 1, carnivore, cold resistance 1, negative energy
resistance 3, inhibited regeneration, torment resistance, unbreathing
a: Minor Destruction, Lesser Servant of Makhleb, Major Destruction, Greater
Servant of Makhleb, Renounce Religion


You were on level 1 of the Lair of Beasts.
You worshipped Makhleb.
Makhleb was extremely pleased with you.
You were not hungry.

You visited 2 branches of the dungeon, and saw 12 of its levels.

You collected 516 gold pieces.

Inventory:

Missiles
 n - 16 boomerangs (quivered)
 o - 2 javelins
 q - 41 poisoned darts
 u - 2 throwing nets
Armour
 b - the +2 leather armour "Fune Usa" {rF++ Str+2 Dex-4}
   (You found it on level 5 of the Dungeon)

   It affects your strength (+2).
   It affects your dexterity (-4).
   It greatly protects you from fire.
 e - a +0 kite shield (worn)
 v - a +0 chain mail (worn)
 x - a +1 cloak of magic resistance (worn)
 I - a +0 pair of gloves (worn)
 K - a +0 pair of boots (worn)
 P - +0 steam dragon scales
Jewellery
 h - a ring of protection from magic (left hand)
 k - the ring "Emo Byis" {+Blink rPois rF+ rCorr Slay-4}
   (You found it on level 5 of the Dungeon)

   [ring of resist corrosion]

   It affects your accuracy and damage with ranged weapons and melee attacks
   (-4).
   It protects you from fire.
   It protects you from poison.
   It lets you blink.
   It provides partial protection from all sources of acid and corrosion.
 y - an uncursed amulet of regeneration
 M - an amulet of reflection (around neck)
 V - a ring of resist corrosion (right hand)
Wands
 z - a wand of polymorph (2)
 J - a wand of iceblast (11)
 N - a wand of disintegration (9)
 R - a wand of random effects (21)
Scrolls
 d - 10 scrolls of teleportation
 g - 2 scrolls of amnesia
 j - 2 scrolls of blinking
 m - 4 scrolls of immolation
 p - 2 scrolls of enchant weapon {unknown}
 r - a scroll of magic mapping {unknown}
 t - 3 scrolls of enchant armour {unknown}
 B - a scroll of remove curse
 C - 2 scrolls of fear {unknown}
 G - a scroll of noise {unknown}
 L - a scroll of torment {unknown}
 Q - 2 scrolls of vulnerability {unknown}
 S - 2 scrolls of identify
Potions
 f - 2 potions of brilliance
 i - a potion of haste
 l - 3 potions of resistance
 s - a potion of magic
 w - a potion of ambrosia
 A - 3 potions of degeneration
 D - 2 potions of cancellation
 E - 3 potions of curing
 F - a potion of might
 H - 4 potions of stabbing {unknown}
Miscellaneous
 T - a box of beasts
Comestibles
 c - 18 rations
 U - a chunk of flesh


   Skills:
 + Level 9.1 Fighting
 + Level 3.3 Armour
 - Level 1.7 Dodging
 - Level 2.1 Stealth
 + Level 10.5 Shields
 + Level 12.6 Unarmed Combat
 - Level 1.7 Spellcasting
 - Level 4.3 Ice Magic


You had 13 spell levels left.
You knew the following spells:

 Your Spells              Type           Power        Failure   Level  Hunger
a - Freeze                Ice            ##..         91%         1    ##.....

Your spell library contained the following spells:

 Spells                   Type           Power        Failure   Level  Hunger
 Frozen Ramparts          Ice            ##....       99%         3    ####...
 Sticks to Snakes         Tmut           #.......     100%        2    ###....
 Ozocubu's Armour         Chrm/Ice       #.......     100%        3    ####...
 Hailstorm                Conj/Ice       #.......     100%        4    #####..
 Summon Ice Beast         Ice/Summ       #.......     100%        4    #####..
 Beastly Appendage        Tmut           Unusable     N/A         1    N/A
 Spider Form              Tmut/Pois      Unusable     N/A         3    N/A
 Ice Form                 Ice/Tmut       Unusable     N/A         4    N/A
 Blade Hands              Tmut           Unusable     N/A         5    N/A

Dungeon Overview and Level Annotations

Branches:
Dungeon (11/15)            Temple (0/1) D:6            Lair (1/6) D:10
    Orc (0/2) D:10

Altars:
Ashenzari
Makhleb
Trog
Xom
The Shining One

Annotations:
D:9 1 runed translucent door, harkrass's ghost, novice MiFi


Innate Abilities, Weirdness & Mutations

Your body is rotting away.
You thrive on raw meat.
You are immune to poison.
You have sharp fingernails.
You are carnivorous and can eat meat at any time.
Your flesh is cold resistant. (rC+)
You are immune to negative energy. (rN+++)
You do not regenerate when monsters are visible.
You are immune to unholy pain and torment.
You can survive without breathing.


Message History

* * * LOW HITPOINT WARNING * * *
You block the six-headed hydra's attack. x2
The six-headed hydra bites you.
* * * LOW HITPOINT WARNING * * *
The six-headed hydra barely misses you.
Unknown command.
Unknown command.
Okay, then.
Unknown command.
Unknown command.
Evoke which item? (* to show all) (? for menu, Esc to quit)
Okay, then.
Unknown command.
Unknown command.
Evoke which item? (* to show all) (? for menu, Esc to quit)
You open the lid... ...and a larval weirdsting beast leaps out!
You block the six-headed hydra's attack.
The six-headed hydra bites you!
You die...

#............
#............
###............
...............
...............
##...H........
#.............
#...D@.......
#............
#############


You could see a six-headed hydra and a friendly larval weirdsting beast
(summoned).

Vanquished Creatures
  Harold (D:7)
  Erolcha (D:9)
  2 two-headed ogres
  Pikel (D:7)
  Maurice (D:10)
  Psyche (D:9)
  Maggie (D:9)
  A troll (D:11)
  2 hippogriffs
  16 yaks
  A hungry ghost (D:10)
  Edmund (D:6)
  3 wargs (D:10)
  A soldier ant (D:10)
  Duvessa (D:6)
  A water moccasin (D:5)
  4 ice beasts
  3 sky beasts
  5 phantoms
  8 ogres
  2 orc warriors
  3 eyes of draining
  4 centaurs
  2 crocodiles
  2 bullfrogs
  Dowan (D:6)
  A wyvern skeleton (D:10)
  3 scorpions
  A water moccasin skeleton (D:10)
  2 troll zombies (D:10)
  3 killer bees (D:11)
  3 howler monkeys (D:11)
  3 wights (D:8)
  9 crimson imps
  A bullfrog zombie (D:8)
  6 orc priests
  4 hounds
  A jelly (D:10)
  Crazy Yiuf (D:7)
  A bullfrog skeleton (D:7)
  A centaur skeleton (D:10)
  3 iguanas
  Natasha (thrice) (D:4)
  7 orc wizards
  12 worker ants
  4 ogre zombies (D:10)
  2 hound zombies (D:3)
  A hound skeleton (D:5)
  A howler monkey zombie (D:6)
  3 worker ant zombies
  9 adders
  2 shadow imps
  3 oozes
  2 adder skeletons (D:3)
  2 worms
  3 dart slugs
  3 leopard geckos
  25 orcs
  7 bats
  6 giant cockroaches
  13 goblins
  3 hobgoblins (D:2)
  3 jackals
  3 quokkas
  2 ball pythons
  7 frilled lizards
  A goblin skeleton (D:10)
  4 goblin zombies (D:10)
  2 hobgoblin zombies (D:10)
  A jackal skeleton (D:3)
  7 kobolds
  A leopard gecko skeleton (D:8)
  12 orc zombies (D:10)
  A quokka skeleton (D:7)
  A quokka zombie (D:10)
  4 rats
  A fungus (D:7)
273 creatures vanquished.

Vanquished Creatures (others)
  An adder (D:7)
1 creature vanquished.

Grand Total: 274 creatures vanquished

Notes
Turn   | Place    | Note
-------+----------+-------------------------------------------
     0 | D:1      | MisterFreud the Ghoul Ice Elementalist began the quest for
                  | the Orb.
     0 | D:1      | Reached XP level 1. HP: 14/14 MP: 2/2
    30 | D:1      | Reached skill level 1 in Unarmed Combat
   262 | D:1      | Reached XP level 2. HP: 20/20 MP: 3/3
   390 | D:1      | Reached skill level 2 in Unarmed Combat
  1172 | D:2      | Reached skill level 3 in Unarmed Combat
  1172 | D:2      | Reached XP level 3. HP: 24/26 MP: 4/4
  1576 | D:2      | Reached XP level 4. HP: 33/33 MP: 5/5
  1640 | D:2      | Reached skill level 4 in Unarmed Combat
  2491 | D:2      | Noticed an ogre
  2505 | D:2      | Killed an ogre
  2505 | D:2      | Reached skill level 5 in Unarmed Combat
  2505 | D:2      | Reached XP level 5. HP: 31/38 MP: 6/6
  2564 | D:2      | Found a burning altar of Makhleb.
  2564 | D:2      | Noticed an Executioner
  2691 | D:2      | Noticed a ynoxinul
  2691 | D:2      | Noticed a neqoxec
  2693 | D:2      | Became a worshipper of Makhleb the Destroyer
  3012 | D:3      | Reached skill level 6 in Unarmed Combat
  3345 | D:3      | Reached skill level 1 in Fighting
  3345 | D:3      | Reached XP level 6. HP: 47/47 MP: 7/7
  3576 | D:3      | Reached * piety under Makhleb
  4012 | D:4      | Noticed a phantom
  4271 | D:4      | Killed a phantom
  4576 | D:4      | Reached XP level 7. HP: 58/59 MP: 8/8
  4587 | D:4      | Reached skill level 1 in Shields
  4687 | D:4      | Noticed Natasha
  4694 | D:4      | Killed Natasha
  4788 | D:4      | Reached skill level 7 in Unarmed Combat
  4837 | D:4      | Noticed Natasha
  4844 | D:4      | Killed Natasha
  5045 | D:4      | Noticed Natasha
  5051 | D:4      | Killed Natasha
  5151 | D:5      | Entered Level 5 of the Dungeon
  5151 | D:5      | Found a shimmering altar of Xom.
  5176 | D:5      | Reached XP level 8. HP: 56/66 MP: 9/9
  5194 | D:5      | Found a glowing golden altar of the Shining One.
  5205 | D:5      | Got a warped leather armour
  5216 | D:5      | Identified the +2 leather armour "Fune Usa" {rF++ Str+2
                  | Dex-4} (You found it on level 5 of the Dungeon)
  5380 | D:5      | Got a vibrating granite ring
  5381 | D:5      | Identified the ring "Emo Byis" {+Blink rPois rF+ rCorr
                  | Slay-4} (You found it on level 5 of the Dungeon)
  5495 | D:5      | Reached skill level 8 in Unarmed Combat
  5595 | D:5      | Reached ** piety under Makhleb
  5624 | D:5      | Found a bloodstained altar of Trog.
  5656 | D:5      | Reached skill level 5 in Shields
  6012 | D:5      | Reached skill level 9 in Unarmed Combat
  6012 | D:5      | Reached XP level 9. HP: 60/71 MP: 10/10
  6277 | D:6      | Noticed Edmund
  6288 | D:6      | Killed Edmund
  6360 | D:6      | Noticed Duvessa
  6360 | D:6      | Noticed Dowan
  6379 | D:6      | Killed Duvessa
  6387 | D:6      | Killed Dowan
  6530 | D:6      | Found a staircase to the Ecumenical Temple.
  6793 | D:7      | Noticed Pikel
  6831 | D:7      | Killed Pikel
  6831 | D:7      | Reached skill level 10 in Unarmed Combat
  6915 | D:7      | Reached skill level 5 in Fighting
  7050 | D:7      | Found a shattered altar of Ashenzari.
  7372 | D:7      | Noticed Harold
  7400 | D:7      | HP: 3/74 [Harold/+0 dire flail (8)]
  7410 | D:7      | Killed Harold
  7410 | D:7      | Reached skill level 11 in Unarmed Combat
  7410 | D:7      | Reached XP level 10. HP: 16/83 MP: 11/11
  7784 | D:7      | Found a runed translucent door.
  7785 | D:7      | Noticed Crazy Yiuf
  7793 | D:7      | Killed Crazy Yiuf
  8074 | D:8      | Reached *** piety under Makhleb
  8944 | D:9      | Noticed Maggie
  8971 | D:9      | Killed Maggie
  9253 | D:9      | Found a runed translucent door.
  9402 | D:9      | Noticed Psyche
  9415 | D:9      | Killed Psyche
  9560 | D:9      | Noticed Erolcha
  9573 | D:9      | Killed Erolcha
  9573 | D:9      | Reached skill level 12 in Unarmed Combat
  9573 | D:9      | Reached XP level 11. HP: 79/94 MP: 12/12
  9907 | D:9      | Noticed harkrass's ghost (novice MiFi)
  9912 | D:10     | Entered Level 10 of the Dungeon
 10184 | D:11     | Noticed a two-headed ogre
 10207 | D:11     | Killed a two-headed ogre
 10207 | D:11     | Reached skill level 10 in Shields
 10438 | D:11     | Reached skill level 1 in Armour
 10631 | D:11     | Reached **** piety under Makhleb
 11166 | D:10     | Found a staircase to the Orcish Mines.
 11641 | D:10     | Noticed Maurice
 11660 | D:10     | Killed Maurice
 11660 | D:10     | Reached ***** piety under Makhleb
 12147 | D:10     | Found a staircase to the Lair.
 12186 | D:10     | Noticed a two-headed ogre
 12199 | D:10     | Killed a two-headed ogre
 12199 | D:10     | Reached XP level 12. HP: 63/104 MP: 13/13
 12468 | Lair:1   | Entered Level 1 of the Lair of Beasts
 12468 | Lair:1   | Noticed a six-headed hydra
 12487 | Lair:1   | HP: 1/104 [six-headed hydra (6)]
 12489 | Lair:1   | Slain by a six-headed hydra

Illustrated notes

Levels and vault maps discovered:
D:1:      saegor_arrival_under_anarchy, layout_loops_ring
D:2:      layout_basic, makhleb_altar_promises_db, grunt_ministairs_14,
          minmay_fractal_squares_5
D:3:      layout_loops_corners, serial_undead, serial_undead_b, serial_undead_a,
          serial_undead_e, serial_undead_d, serial_undead_e, serial_undead_f,
          serial_undead_a, serial_undead_e, first_ration
D:4:      layout_rooms, uniq_natasha
D:5:      layout_loops_ring, lemuel_round_altar, trog_eyes_of_draining,
          mrwooster_statue_mirror, xom_teletrap_fun
D:6:      layout_cave_pools, minmay_temple_entry_gardened_gates, uniq_edmund,
          uniq_duvessa
D:7:      layout_basic, lemuel_doored_altar, kennysheep_generic_room_7,
          uniq_crazy_yiuf_cottage, uniq_pikel, uniq_harold
D:8:      layout_basic, kennysheep_generic_room_13
D:9:      layout_loops_cross, ebering_ghost_inner_flame, grunt_ogre_cave,
          uniq_maggie, uniq_psyche, uniq_erolcha
D:10:     layout_irregular_city, erik_lair_orcish_takeover, zombieorc1_lemuel,
          uniq_maurice
D:11:     layout_loops_ring, nicolae_straight_to_the_point
Lair:1:   layout_gridlike, chequers_serial_rivers_micro_e

Skill      XL: |  1  2  3  4  5  6  7  8  9 10 11 |
---------------+----------------------------------+-----
Unarmed Combat | 1 3 5 6 7 9 11 12 | 12.6
Fighting       | 1 4 6 8 9 |  9.1
Shields        | 3 5 7 8 10 | 10.5
Armour         | 3 |  3.3
Dodging        | |  1.7
Stealth        | |  2.1
Spellcasting   | |  1.7
Ice Magic      | |  4.3

Action                   |  1- 3 |  4- 6 |  7- 9 | 10-12 || total
-------------------------+-------+-------+-------+-------++-------
Melee: Unarmed           |    80 |   234 |   429 |   829 ||  1572
       Punch             |     2 |     3 |       |       ||     5
Throw: Boomerang         |       |     3 |     9 |     3 ||    15
Evoke: Wand              |       |       |       |     2 ||     2
       Box of beasts     |       |       |       |     1 ||     1
  Use: Scroll            |       |       |    17 |       ||    17
       Potion            |       |       |     2 |     1 ||     3
 Stab: Sleeping          |     5 |     6 |       |       ||    11
  Eat: Chunk             |     2 |    11 |    26 |    30 ||    69
Armor: Robe              |    11 |    11 |       |       ||    22
       Chain mail        |       |    33 |   128 |   230 ||   391
Dodge: Dodged            |    57 |    97 |    24 |    74 ||   252
Block: Kite shield       |       |     1 |   137 |   491 ||   629
       Reflection        |       |       |     1 |    15 ||    16
